 Dungeon Crawl Stone Soup version 0.32-a0-876-gcfddb08e57 (webtiles) character file.

Game seed: 3328018131058760829

8201 Griffin23 the Carver (level 11, 0/99 HPs)
             Began as a Minotaur Fighter on Mar 30, 2024.
             Was a Follower of Nemelex Xobeh.
             Succumbed to a killer bee's poison
             ... on level 10 of the Dungeon on Apr 1, 2024.
             The game lasted 00:23:51 (9714 turns).

Griffin23 the Carver (Minotaur Fighter)             Turns: 9714, Time: 00:23:52

Health: 0/99       AC: 17    Str: 25    XL:     11   Next: 6%
Magic:  10/10      EV:  4    Int:  5    God:    Nemelex Xobeh [*.....]
Gold:   490        SH: 15    Dex: 12    Spells: 10/10 levels left

rFire   + . .        E - +5 scimitar (flame)
rCold   . . .        C - +0 tower shield
rNeg    . . .        s - +0 plate armour
rPois   .            (helmet restricted)
rElec   .            j - +0 cloak
rCorr   .            I - +0 pair of gloves
SInv    .            (no boots)
Will    .....        (no amulet) Stlth
                     z - ring of protection from fire
HPRegen 0.36/turn    (no ring)
MPRegen 0.12/turn

%: no passive effects
@: lethally poisoned (0 -> -7)
A: horns 2, retaliatory headbutt, thin skeletal structure 1, noise suppression
a: Renounce Religion, Draw Escape, Draw Destruction, Draw Summoning


You were on level 10 of the Dungeon.
You worshipped Nemelex Xobeh.
Nemelex Xobeh was aware of your devotion.
You visited 2 branches of the dungeon, and saw 11 of its levels.

You collected 490 gold pieces.

Inventory:

Hand Weapons
 a - a +0 long sword
 E - a +5 scimitar of flaming (weapon)
Armour
 b - a +0 scale mail
 c - a +0 buckler
 j - a +0 cloak (worn)
 k - a scarf of invisibility
 s - a +0 plate armour (worn)
 C - a +0 tower shield (worn)
 I - a +0 pair of gloves (worn)
Jewellery
 z - a ring of protection from fire (left hand)
 D - a ring of see invisible
 F - a ring of positive energy
 H - a +4 ring of slaying
Wands
 d - a wand of roots (3)
 w - a wand of flame (20)
Scrolls
 m - 3 scrolls of vulnerability
 n - 2 scrolls of enchant armour
 u - 3 scrolls of torment
Potions
 f - a potion of attraction
 r - a potion of berserk rage {unknown}
 t - 2 potions of mutation
 v - a potion of haste {unknown}
 x - a potion of enlightenment {unknown}
 B - a potion of invisibility {unknown}
 G - a potion of brilliance {unknown}


   Skills:
 + Level 10.1 Fighting
 * Level 12.7 Long Blades
 + Level 10.1 Armour
 + Level 10.1 Shields


You had 10 spell levels left.
You didn't know any spells.
Your spell library contained the following spells:

 Spells                   Type           Power      Damage    Failure   Level
 Kiss of Death            Conj/Necr      0%         2d5       100%        1
 Magic Dart               Conj           0%         1d3       100%        1
 Searing Ray              Conj           0%         2d4       100%        2
 Confusing Touch          Hex            0%         N/A       100%        3
 Cause Fear               Hex            0%         N/A       100%        4
 Dispel Undead            Necr           0%         3d6       100%        4
 Fulminant Prism          Conj/Alch      0%         3d5       100%        4
 Fireball                 Conj/Fire      0%         3d3       100%        5
 Dragon's Call            Summ           0%         N/A       100%        9


Dungeon Overview and Level Annotations

Branches:
Dungeon (10/15)            Temple (1/1) D:6            Lair (0/5) D:8
    Orc (0/2) D:9

Altars:
Ashenzari
Cheibriados
Dithmenos
Elyvilon
Fedhas
Gozag
Hepliaklqana
Kikubaaqudgha
Makhleb
Nemelex Xobeh
Okawaru
Qazlal
Ru
Sif Muna
Trog
Uskayaw
Vehumet
Wu Jian
Xom
Yredelemnul
Zin
The Shining One

Annotations:
D:8 2 transporters
D:9 Psyche
D:10 1 transporter


Innate Abilities, Weirdness & Mutations

You have a pair of horns on your head.
You reflexively headbutt those who attack you in melee.
You have a somewhat thin skeletal structure. (Dex +2, Stealth+)
You passively dampen the noise of your surroundings.


Message History

* * * LOW HITPOINT WARNING * * *
You block the killer bee's attack.
You feel protected. You block the killer bee's attack.
The killer bee barely misses you. You furiously retaliate!
You headbutt the killer bee. You block the killer bee's attack.
The killer bee stings you but does no damage.
The killer bee attacks as it pursues you!
The killer bee stings you but does no damage. x2
The killer bee attacks as it pursues you!
You block the killer bee's attack. x2
You block the killer bee's attack.
The killer bee attacks as it pursues you!
You block the killer bee's attack.
The killer bee stings you but does no damage.
The killer bee stings you but does no damage.
There is a stone staircase leading down here.
You block the killer bee's attack. x2; The killer bee barely misses you.
The killer bee stings you but does no damage.
You climb downwards.
Reactivating autopickup.
Found a transporter.
There is a stone staircase leading up here.
You barely miss the killer bee. Your headbutt misses the killer bee.
The killer bee is heavily wounded.
You block the killer bee's attack. The killer bee completely misses you.
You block the killer bee's attack. x2
You slash the killer bee! You burn the killer bee.
You kill the killer bee!
You block the killer bee's attack. x2
You barely miss the killer bee. The killer bee stings you!
* * * LOW HITPOINT WARNING * * *
You are lethally poisoned!
The killer bee poisons you! You block the killer bee's attack.
It was a potion of cancellation.
Your magical effects are unravelling.
You feel magically purged.
Your resistance to elements expires.
You die...
Your body disappears without a glow.

.#..........
...........
#..........
#..........
#..........
#.........©
#.y.†......
#..@.......
###.######.
#.# #.# #.#
..# ###


You could see a killer bee.

Vanquished Creatures
  Erica (D:8)
  A death knight (D:9)
  2 two-headed ogres
  A komodo dragon (D:8)
  Prince Ribbit (D:8)
  A hornet (D:9)
  A vampire (D:9)
  A wraith (D:9)
  A basilisk (D:9)
  2 steam dragons (D:9)
  4 yaks
  Menkaure (D:7)
  An acid dragon (D:9)
  3 water moccasins
  2 black bears
  3 orc warriors
  A sky beast (D:6)
  2 ice beasts
  2 centaurs
  2 kobold brigands
  4 bullfrogs
  A gnoll sergeant (D:9)
  3 scorpions
  5 wights
  10 killer bees
  2 howler monkeys
  2 bombardier beetles (D:5)
  A gnoll bouda (D:7)
  9 orc priests
  4 hounds
  2 sleepcaps (D:6)
  Ijyb (D:3)
  An iguana (D:8)
  10 orc wizards
  6 gnolls
  12 adders
  A shadow imp (D:6)
  2 ufetubi (D:4)
  3 dart slugs
  2 ribbon worms (D:2)
  71 orcs
  8 endoplasms
  3 giant cockroaches
  5 goblins
  6 hobgoblins
  4 jackals (D:4)
  5 quokkas
  7 ball pythons
  5 bats
  5 frilled lizards
  13 kobolds
  7 rats
253 creatures vanquished.

Notes
Turn   | Place    | Note
-------+----------+-------------------------------------------
     0 | D:1      | Griffin23 the Minotaur Fighter began the quest for the Orb.
     0 | D:1      | Reached XP level 1. HP: 19/19 MP: 0/0
   139 | D:1      | Reached XP level 2. HP: 27/27 MP: 1/1
   521 | D:1      | Reached skill level 3 in Long Blades
   694 | D:2      | Reached XP level 3. HP: 33/33 MP: 2/2
  1166 | D:2      | Reached XP level 4. HP: 34/41 MP: 3/3
  1572 | D:3      | Noticed Ijyb
  1579 | D:3      | Killed Ijyb
  1580 | D:3      | Reached XP level 5. HP: 37/47 MP: 4/4
  2270 | D:4      | Reached skill level 4 in Long Blades
  2362 | D:4      | Reached skill level 5 in Fighting
  2362 | D:4      | Reached skill level 5 in Armour
  2362 | D:4      | Reached skill level 5 in Shields
  2362 | D:4      | Reached XP level 6. HP: 46/56 MP: 5/5
  2871 | D:4      | Found a basalt altar of Yredelemnul.
  2906 | D:5      | Entered Level 5 of the Dungeon
  3077 | D:5      | Reached skill level 5 in Long Blades
  3185 | D:5      | Reached XP level 7. HP: 60/62 MP: 6/6
  3514 | D:5      | You fall into a shaft and drop 1 floor!
  3601 | D:6      | Reached skill level 6 in Long Blades
  3625 | D:6      | Found a radiant altar of Vehumet.
  3625 | D:6      | Found a sparkling altar of Nemelex Xobeh.
  3744 | D:6      | Found a stormy altar of Qazlal.
  3744 | D:6      | Found a snail-covered altar of Cheibriados.
  3747 | D:6      | Found a burning altar of Makhleb.
  3810 | D:6      | Found a staircase to the Ecumenical Temple.
  3843 | D:6      | Reached XP level 8. HP: 70/71 MP: 7/7
  3848 | D:6      | Reached skill level 7 in Long Blades
  3936 | Temple   | Entered the Ecumenical Temple
  4020 | D:6      | Upgraded the game from 0.32-a0-872-g59262bdc9b to
                  | 0.32-a0-876-gcfddb08e57
  4475 | D:6      | Found a shimmering altar of Xom.
  4556 | D:6      | Gained mutation: You passively dampen the noise of your
                  | surroundings. [potion of mutation]
  4556 | D:6      | Gained mutation: You have a somewhat thin skeletal
                  | structure. (Dex +2, Stealth+) [potion of mutation]
  5194 | D:7      | Reached skill level 8 in Long Blades
  5287 | D:7      | Reached XP level 9. HP: 57/79 MP: 8/8
  5456 | D:7      | Reached skill level 9 in Long Blades
  6328 | D:7      | Noticed Menkaure
  6730 | D:7      | Killed Menkaure
  7233 | D:8      | Noticed Erica
  7244 | D:8      | Killed Erica
  7245 | D:8      | Reached skill level 10 in Long Blades
  7533 | D:6      | Became a worshipper of Nemelex Xobeh the Trickster
  7658 | D:8      | Found a staircase to the Lair.
  7658 | D:8      | Noticed a komodo dragon
  7674 | D:8      | Killed a komodo dragon
  7675 | D:8      | Reached XP level 10. HP: 78/90 MP: 9/9
  7895 | D:8      | Noticed a two-headed ogre
  7901 | D:8      | Killed a two-headed ogre
  7902 | D:8      | Reached skill level 11 in Long Blades
  8011 | D:8      | Found a transporter.
  8015 | D:8      | Found a transporter.
  8015 | D:8      | Noticed a catoblepas
  8016 | D:8      | Noticed a centaur warrior
  8016 | D:8      | Noticed a centaur warrior
  8143 | D:8      | Found a glowing golden altar of the Shining One.
  8207 | D:8      | Noticed Prince Ribbit
  8223 | D:8      | Killed Prince Ribbit
  8833 | D:9      | Noticed a two-headed ogre
  8833 | D:9      | Noticed Psyche
  8838 | D:9      | Killed a two-headed ogre
  9147 | D:9      | Reached skill level 12 in Long Blades
  9300 | D:9      | Reached * piety under Nemelex Xobeh
  9376 | D:9      | Found a staircase to the Orcish Mines.
  9653 | D:9      | Reached skill level 10 in Armour
  9664 | D:9      | Reached skill level 10 in Shields
  9667 | D:9      | Reached skill level 10 in Fighting
  9668 | D:9      | Identified the ring "Gahoem" {AC+4 Int+2}
  9674 | D:9      | Noticed a death knight
  9689 | D:9      | Killed a death knight
  9690 | D:9      | Reached XP level 11. HP: 11/99 MP: 10/10
  9710 | D:10     | Entered Level 10 of the Dungeon
  9710 | D:10     | Found a transporter.
  9713 | D:10     | HP: 1/99 [killer bee (7)]
  9714 | D:10     | Succumbed to a killer bee's poison

Illustrated notes

Levels and vault maps discovered:
D:1:      amcnicky_arrival_underground_garden, layout_loops_cross,
          minmay_cut_off
D:2:      layout_loops_cross
D:3:      layout_loops_ring, uniq_ijyb
D:4:      layout_rooms, kennysheep_little_box
D:5:      layout_rooms
D:6:      layout_basic, kennysheep_mini_moat, nicolae_overflow_hidden_temple,
          minmay_temple_entry_mist
D:7:      layout_rooms, uniq_menkaure
D:8:      layout_basic, gammafunk_temple_overflow_arena, david_lair_shrubbed,
          uniq_erica, uniq_prince_ribbit1
D:9:      minmay_the_grid_triangle_9x9_rhombus_thin
          [minmay_the_grid_triangle_9x9_cache,
          minmay_the_grid_triangle_9x9_prize_special,
          minmay_the_grid_triangle_9x9_tough_junction,
          minmay_the_grid_triangle_9x9_flanged_cone], layout_rooms,
          hiddenorc2_lemuel, uniq_erolcha, uniq_psyche
D:10:     layout_basic, gammafunk_ghost_hive, reono_crystal_passage
Temple:   eino_temple_lava

Skill      XL: |  1  2  3  4  5  6  7  8  9 10 |
---------------+-------------------------------+-----
Fighting       | 4 5 6 7 8 10 | 10.1
Shields        | 4 5 6 7 8 10 | 10.1
Armour         | 4 5 6 7 8 10 | 10.1
Long Blades    | 3 4 5 6 8 10 12 | 12.7

Action                     |  1- 3 |  4- 6 |  7- 9 | 10-12 || total
---------------------------+-------+-------+-------+-------++-------
  Melee: Long sword        |   108 |   180 |   291 |       ||   579
         Headbutt          |    19 |    28 |    71 |    35 ||   153
         Scimitar          |       |       |    13 |   195 ||   208
  Evoke: Wand              |       |       |     5 |     4 ||     9
    Use: Potion            |       |       |     6 |     4 ||    10
         Scroll            |       |       |       |     9 ||     9
   Stab: Invisible         |       |       |     1 |     2 ||     3
 Armour: Scale mail        |    85 |    91 |       |       ||   176
         Plate armour      |       |    45 |   294 |   133 ||   472
  Dodge: Dodged            |    46 |    70 |    96 |    25 ||   237
  Block: Buckler           |    23 |    38 |    81 |       ||   142
         Tower shield      |       |       |     5 |   187 ||   192

Table legend: (Time is in decaauts)
 A = Elapsed time spent in this place.
 B = Non-inter-level travel time spent in this place.
 C = Inter-level travel time spent in this place.
 D = Time resting spent in this place.
 E = Time spent auto-exploring this place.
 F = Levels seen in this place.
 G = Mean time per level.
                   A        B        C        D        E       F      G
               +--------+--------+--------+--------+--------+-----+--------+
         Total |   9820 |   8980 |    840 |   1965 |   5005 |  11 |  892.7 |
       Dungeon |   9768 |   8958 |    810 |   1965 |   5005 |  10 |  976.8 |
        Temple |     51 |     22 |     29 |      0 |      0 |   1 |   51.0 |
               +--------+--------+--------+--------+--------+-----+--------+

Top non-repeatable levels by time:
     D:6: 2637 daAuts
     D:7: 1338 daAuts
     D:8: 1276 daAuts
     D:9: 923 daAuts
     D:2: 794 daAuts
     D:4: 742 daAuts
     D:3: 725 daAuts
     D:1: 706 daAuts
     D:5: 619 daAuts
  Temple: 51 daAuts
    D:10: 3 daAuts
